 Dungeon Sprint DCSS version 0.28-a0-1518-gbe868bca14 (webtiles) character file.

Game seed: 12243819500157263659

139 mhtbhm the Chopper (level 5, -3/85 HPs)
             Began as a Troll Berserker on Jan 16, 2022.
             Was a Priest of Trog.
             Slain by a white imp (5 damage)
             ... summoned by a kobold demonologist
             ... in the Dungeon (Sprint III: "The Ten Rune Challenge").
             The game lasted 00:00:50 (398 turns).

mhtbhm the Chopper (Troll Berserker)                 Turns: 398, Time: 00:00:50

Health: -3/85      AC:  5    Str: 27    XL:     5   Next: 1%
Magic:  4/4        EV: 11    Int:  3    God:    Trog [***...]
Gold:   33         SH:  0    Dex:  9    Spells: 4/4 levels left

rFire   . . .      SeeInvis .   a - +0 hand axe
rCold   . . .      Faith    .   (no shield)
rNeg    . . .      Spirit   .   b - +0 animal skin
rPois   .          Reflect  .   (helmet restricted)
rElec   .          Harm     .   j - +0 cloak
rCorr   .          Rampage  .   (gloves unavailable)
Will    .....      NoTele   +   (boots unavailable)
Stlth   ..........              (no amulet)
HPRegen 1.04/turn               (no ring)
MPRegen 0.09/turn               (no ring)

@: berserking, very quick
A: large, unfitting armour, claws 3, regeneration 1, shaggy fur 1, tough skin 1
a: Renounce Religion, Berserk, Trog's Hand


You were in the Dungeon.
You worshipped Trog.
Trog was most pleased with you.
You visited 1 branch You collected 33 gold pieces.

Inventory:

Hand Weapons
 a - a +0 hand axe (weapon)
Armour
 b - a +0 animal skin (worn)
 j - a +0 cloak (worn)
Scrolls
 h - a scroll of blinking
 k - a scroll of immolation {unknown}
 l - a scroll of identify {unknown}
 m - a scroll of torment {unknown}
 n - a scroll of summoning {unknown}
Potions
 c - 3 potions of curing
 d - a potion of heal wounds
 e - a potion of haste
 f - 2 potions of magic
 g - a potion of berserk rage
 i - 2 potions of attraction {unknown}
 o - 4 potions of mutation


   Skills:
 + Level 5.3 Fighting
 + Level 5.6 Axes
 + Level 5.2 Dodging


You had 4 spell levels left.
You didn't know any spells.
Your spell library was empty.

Dungeon Overview and Level Annotations

Branches:
Dungeon (1/1)

Altars:
Kikubaaqudgha
Sif Muna
Vehumet


Innate Abilities, Weirdness & Mutations

You are too large for most types of armour.
You have claws for hands.
Your natural rate of healing is unusually fast.
You are covered in fur. (AC +1)
You have tough skin. (AC +1)


Message History

The kobold demonologist is moderately wounded.
You hit the crimson imp. You closely miss the shadow imp.
You barely miss the kobold demonologist.
The kobold demonologist is moderately wounded.
You closely miss the shadow imp. You slash the crimson imp!
The crimson imp misses you. The shadow imp spits at you.
The shadow imp gestures at you. Pain shoots through your body!
* * * LOW HITPOINT WARNING * * *
The kobold demonologist hits you with a +0 dagger.
* * * LOW HITPOINT WARNING * * *
You miss the kobold demonologist.
The kobold demonologist is moderately wounded.
You closely miss the shadow imp. You closely miss the crimson imp.
The crimson imp shouts, "Away with thee, thou bawdy doghearted nightsoil!"
The crimson imp hits you but does no damage.
The shadow imp hits you.
* * * LOW HITPOINT WARNING * * *
You closely miss the kobold demonologist.
The kobold demonologist is moderately wounded.
You hit the shadow imp but do no damage.
You slash the crimson imp!
The kobold demonologist closely misses you.
You barely miss the kobold demonologist.
The kobold demonologist is moderately wounded.
You slash the shadow imp!
You kill the shadow imp!
The shadow imp disappears in a puff of smoke!
You slash the crimson imp!
You kill the crimson imp!
The crimson imp disappears in a puff of smoke!
The kobold demonologist hits you but does no damage.
Unknown command.
You hit the kobold demonologist.
The kobold demonologist is severely wounded.
You closely miss the white imp. The white imp hits you.
* * * LOW HITPOINT WARNING * * *
The white imp freezes you.
You die...

#..#.....♣ ♣♣.#
####.....♣ ..#
†..#....≈♣♣♣♣♣.###+#+###+
...#...≈≈....♣.#.........
...#).≈≈≈≈..♣♣.'.⌠.......
##'#..≈≈≈≈≈≈.♣.#...######
†.†#.≈≈≈≈≈≈....#§⌠.#
...#.≈≈≈≈≈.....#.§.#
...#.≈≈≈.......#@###
####...........#K5:#
...............#___#
▓▓▓▓▓▓▓▓▓▓▓▓▓▓▓▓▓▓▓▓


You could see a kobold demonologist and a white imp (summoned).

Vanquished Creatures
  A water elemental (D)
  Crazy Yiuf (D)
  A wizard (D)
  A human (D)
  An endoplasm (D)
  3 rats (D)
8 creatures vanquished.

Notes
Turn   | Place    | Note
-------+----------+-------------------------------------------
     0 | D        | mhtbhm the Troll Berserker began the quest for the Orb.
     0 | D        | Reached XP level 1. HP: 22/22 MP: 0/0
    80 | D        | Reached ** piety under Trog
   108 | D        | Reached XP level 2. HP: 31/31 MP: 1/1
   158 | D        | Noticed Crazy Yiuf
   165 | D        | Killed Crazy Yiuf
   166 | D        | Reached XP level 3. HP: 16/39 MP: 2/2
   249 | D        | Noticed a water elemental
   254 | D        | Killed a water elemental
   255 | D        | Reached skill level 5 in Fighting
   255 | D        | Reached skill level 5 in Axes
   255 | D        | Reached XP level 4. HP: 50/50 MP: 3/3
   374 | D        | Found a radiant altar of Vehumet.
   374 | D        | Found a shimmering blue altar of Sif Muna.
   374 | D        | Found an ancient bone altar of Kikubaaqudgha.
   374 | D        | Noticed a wizard
   391 | D        | Killed a wizard
   391 | D        | Reached *** piety under Trog
   392 | D        | Reached skill level 5 in Dodging
   392 | D        | Reached XP level 5. HP: 10/57 MP: 4/4
   394 | D        | HP: 3/85 [shadow imp/nerve-wracking pain[a kobold
                  | demonologist] (8)]
   395 | D        | HP: 1/85 [shadow imp[a kobold demonologist] (2)]
   398 | D        | Slain by a white imp

Illustrated notes

Levels and vault maps discovered:
D:        dungeon_sprint_mu [sprint_mu_entry_forest, sprint_mu_temple_rooms,
          sprint_mu_d1_spiders, sprint_mu_d2_genie, sprint_mu_d3_branching,
          sprint_mu_orc_legion, sprint_mu_elf_gauntlet, sprint_mu_hive_nellie,
          sprint_mu_lair_fedhas, sprint_mu_vaults_butterflies,
          sprint_mu_slime_circle, sprint_mu_shoals_archi,
          sprint_mu_snake_twists, sprint_mu_blade_basic, sprint_mu_crypt_lich,
          sprint_mu_tomb_spiral, sprint_mu_vestibule_basic,
          sprint_mu_gehenna_hellfire, sprint_mu_dis_giant,
          sprint_mu_tartarus_statrot, sprint_mu_cocytus_islands, sprint_mu_zot1]

Skill      XL: |  1  2  3  4 |
---------------+-------------+-----
Fighting       | 3 4 5 |  5.3
Axes           | 3 4 5 |  5.6
Dodging        | 3 4 5 |  5.2

Action                   |  1- 3 |  4- 6 || total
-------------------------+-------+-------++-------
Melee: Hand axe          |    20 |    22 ||    42
Invok: Berserk           |     3 |     1 ||     4
Armor: Animal skin       |     3 |     9 ||    12
Dodge: Dodged            |     5 |    14 ||    19

Table legend: (Time is in decaauts)
 A = Elapsed time spent in this place.
 B = Non-inter-level travel time spent in this place.
 C = Inter-level travel time spent in this place.
 D = Time resting spent in this place.
 E = Time spent auto-exploring this place.
 F = Levels seen in this place.
 G = Mean time per level.
                   A        B        C        D        E       F      G
               +--------+--------+--------+--------+--------+-----+--------+
         Total |    432 |    432 |      0 |    288 |      0 |   1 |  432.0 |
       Dungeon |    432 |    432 |      0 |    288 |      0 |   1 |  432.0 |
               +--------+--------+--------+--------+--------+-----+--------+

Top non-repeatable levels by time:
       D: 432 daAuts
